 Dungeon Crawl Stone Soup version 0.23.2-33-g5129a83 (webtiles) character file.

Game seed: 4374318588927108488

34008 Balder the Basher (level 13, -2/113 HPs)
             Began as a Minotaur Fighter on Aug 5, 2019.
             Was a High Priest of Okawaru.
             Slain by Rupert
             ... wielding a +4 battleaxe of chopping
              (5 damage)
             ... on level 5 of the Lair of Beasts on Aug 9, 2019.
             The game lasted 01:16:38 (18713 turns).

Balder the Basher (Minotaur Fighter)               Turns: 18713, Time: 01:16:39

Health: -2/113     AC: 18    Str: 24    XL:     13   Next: 39%
Magic:  15/15      EV: 14    Int:  5    God:    Okawaru [*****.]
Gold:   975        SH: 13    Dex: 15    Spells: 12/12 levels left

rFire    . . .     SeeInvis .   a - +1 morningstar
rCold    . . .     Gourm    +   c - +0 shield
rNeg     + . .     Faith    .   O - +5 scale mail of the Moon {Str+3}
rPois    .         Spirit   .   I - +2 hat
rElec    .         Reflect  .   l - +0 cloak
rCorr    .         Harm     .   C - +0 pair of gloves
MR       .....                  (no boots)
Stlth    +.........             P - amulet of the gourmand
HPRegen  0.28/turn              s - ring of positive energy
MPRegen  0.14/turn              (no ring)

@: lethally poisoned (-2 -> -4), about to teleport
A: retaliatory headbutt, horns 2
a: Heroism, Finesse, Renounce Religion


You were on level 5 of the Lair of Beasts.
You worshipped Okawaru.
Okawaru was extremely pleased with you.
You were completely stuffed.

You visited 3 branches of the dungeon, and saw 17 of its levels.
You also visited: Sewer.

You collected 975 gold pieces.

Inventory:

Hand Weapons
 a - a +1 morningstar (weapon)
 b - a +6 falchion
 e - a +0 flail of protection
 v - a +0 hunting sling
 w - a +2 hunting sling of velocity
 D - a +2 whip of flaming
 E - a +0 war axe
 M - the +1 trident of Fauhyw {drain, rN+ Str+4}
   (You found it on level 2 of the Lair of Beasts)

   A truly terrible weapon, it drains the life of those it strikes.
   It affects your strength (+4).
   It protects you from negative energy.
 S - a +3 war axe
Missiles
 U - 99 sling bullets
Armour
 c - a +0 shield (worn)
 l - a +0 cloak (worn)
 C - a +0 pair of gloves (worn)
 F - +0 acid dragon scales
 I - a +2 hat (worn)
 K - a +1 plate armour
 O - the +5 scale mail of the Moon (worn) {Str+3}
   (You found it on level 11 of the Dungeon)

   It affects your strength (+3).
Jewellery
 q - an uncursed ring of flight
 s - a ring of positive energy (left hand)
 P - an amulet of the gourmand (around neck)
Wands
 x - a wand of flame (32)
 y - a wand of clouds (3)
 A - a wand of iceblast (7)
 L - a wand of polymorph (25)
 T - a wand of digging (1)
Scrolls
 g - 3 scrolls of enchant armour
 h - 3 scrolls of magic mapping
 i - 7 scrolls of remove curse
 k - 5 scrolls of teleportation
 N - a scroll of fog
 Q - 3 scrolls of identify
 R - a scroll of immolation
 V - a scroll of fear {unknown}
Potions
 d - 3 potions of might
 j - 10 potions of curing
 m - 3 potions of ambrosia
 n - 2 potions of resistance
 o - 7 potions of heal wounds
 p - a potion of berserk rage {unknown}
 r - 2 potions of brilliance {unknown}
 t - 4 potions of flight
 u - 2 potions of magic
 z - a potion of lignification {unknown}
 B - a potion of degeneration {unknown}
 G - 2 potions of haste
 H - a potion of agility {unknown}
 J - 2 potions of mutation {unknown}
Miscellaneous
 W - a fan of gales
Comestibles
 f - 30 rations
 X - 3 chunks of flesh


   Skills:
 * Level 10.3 Fighting
 * Level 8.2 Long Blades
 - Level 4.5(10.5) Axes
 * Level 14.2(14.4) Maces & Flails
 * Level 6.3 Slings
 * Level 10.3 Armour
 * Level 7.7 Dodging
 + Level 3.1 Stealth
 * Level 11.6 Shields
 * Level 4.0 Invocations
 + Level 0.8 Evocations


You had 12 spell levels left.
You didn't know any spells.
Your spell library contained the following spells:

 Spells                   Type           Power        Failure   Level  Hunger
 Beastly Appendage        Tmut           #.....       86%         1    ##.....
 Freeze                   Ice            #...         86%         1    ##.....
 Summon Small Mammal      Summ           #...         86%         1    ##.....
 Call Imp                 Summ           #.......     95%         2    ###....
 Sticks to Snakes         Tmut           #.......     95%         2    ###....
 Throw Frost              Conj/Ice       #.....       95%         2    ###....
 Call Canine Familiar     Summ           #.......     99%         3    ####...
 Ozocubu's Armour         Chrm/Ice       #.......     99%         3    ####...
 Spider Form              Tmut/Pois      #.........   99%         3    ####...
 Summon Guardian Golem    Hex/Summ       #.......     99%         3    ####...
 Cause Fear               Hex            #.........   100%        4    #####..
 Ice Form                 Ice/Tmut       #.......     100%        4    #####..
 Summon Ice Beast         Ice/Summ       #.......     100%        4    #####..
 Summon Lightning Spire   Summ/Air       #.......     100%        4    #####..
 Throw Icicle             Conj/Ice       #.......     100%        4    #####..
 Blade Hands              Tmut           #.........   100%        5    ######.
 Bolt of Magma            Conj/Fire/Erth #.........   100%        5    ######.
 Iskenderun's Battlesphe  Conj/Chrm      #.......     100%        5    ######.
 Silence                  Hex/Air        #.........   100%        5    ######.
 Venom Bolt               Conj/Pois      #.........   100%        5    ######.
 Yara's Violent Unravell  Hex/Tmut       #.........   100%        5    ######.
 Deflect Missiles         Chrm/Air       #.........   100%        6    #######
 Iron Shot                Conj/Erth      #.........   100%        6    #######
 Orb of Destruction       Conj           #.........   100%        7    #######
 Spellforged Servitor     Conj/Summ      #.........   100%        7    #######
 Discord                  Hex            #.........   100%        8    #######


Dungeon Overview and Level Annotations

Branches:
Dungeon (11/15)            Temple (1/1) D:4            Lair (5/6) D:8
 Shoals (0/4) Lair:4       Spider (0/4) Lair:2        Slime (0/5) Lair:5
    Orc: D:9-12

Altars:
Ashenzari
Cheibriados
Dithmenos
Elyvilon
Fedhas
Gozag
Hepliaklqana
Makhleb
Okawaru
Qazlal
Ru
Sif Muna
Trog
Uskayaw
Vehumet
Xom
Yredelemnul
Zin
The Shining One
Jiyva

Shops:
D:9 }

Annotations:
D:4 3 runed translucent doors, Aphrodieselac's ghost, amateur MfSk
Lair:5 Rupert


Innate Abilities, Weirdness & Mutations

You reflexively headbutt those who attack you in melee.
You have a pair of horns on your head.


Message History

Rupert is lightly wounded.
You feel sick. You block the spiny frog's attack.
Rupert hits you with a +4 battleaxe of chopping!
Unknown command.
You thump Rupert!
Rupert is lightly wounded.
You feel sick. The spiny frog stings you.
Rupert hits you with a +4 battleaxe of chopping!
Unknown command.
You puncture Rupert!
Rupert is moderately wounded.
The spiny frog barely misses you. You block Rupert's attack.
You feel much better.
You feel sick. You block the spiny frog's attack.
Rupert hits you with a +4 battleaxe of chopping!!
* * * LOW HITPOINT WARNING * * *
x2
As you read the scroll of teleportation, it crumbles to dust.
You feel strangely unstable.
You feel sick. You block the spiny frog's attack.
Rupert hits you with a +4 battleaxe of chopping!!
* * * LOW HITPOINT WARNING * * *
You die...

......#....####
##..........#...
#.#....#.P......
#.[#..##.#......
##...............
###................
##..#...............
##...##..............
#P.@@................
......F.................
.....#..................
........................
...........#............
...##.#.................
.. ###.................
P............ .


You could see Rupert (berserk) and a spiny frog.

Vanquished Creatures
  Harold (D:8)
  4 hydras
  2 two-headed ogres
  Nergalle (Lair:2)
  Pikel (D:4)
  2 oklob plants (Lair:4)
  An ugly thing (D:11)
  4 black mambas
  3 elephants (Lair:4)
  9 spiny frogs
  A gargoyle (D:11)
  7 komodo dragons
  A troll (D:10)
  2 jumping spiders (Lair:2)
  A hornet (D:9)
  8 blink frogs
  4 hippogriffs
  2 redbacks (Lair:2)
  4 wyverns (D:8)
  31 yaks
  Grum (Lair:1)
  2 basilisks
  A hungry ghost (D:11)
  Menkaure (D:7)
  An acid dragon (D:8)
  8 water moccasins
  5 porcupines
  4 slaves (D:4)
  5 sky beasts
  3 orc warriors
  7 ice beasts
  3 black bears
  2 phantoms (D:9)
  37 wolves
  5 ogres
  7 centaurs
  6 crocodiles
  Blork the orc (D:4)
  5 big kobolds
  7 bullfrogs
  5 scorpions
  3 killer bees (D:11)
  4 wights (D:11)
  2 howler monkeys
  6 crimson imps
  2 bullfrog zombies (D:8)
  4 jellies
  A quasit (D:10)
  5 hounds
  17 orc wizards
  A centaur skeleton (D:8)
  4 orc priests
  2 bullfrog skeletons (D:6)
  5 iguanas
  11 worker ants
  2 hound skeletons
  Robin (D:4)
  8 gnolls
  A worker ant zombie (D:10)
  12 adders
  A howler monkey skeleton (D:6)
  4 river rats
  2 shadow imps
  2 oozes
  4 adder zombies
  An adder skeleton (D:6)
  2 worms
  A dart slug (D:4)
  5 leopard geckos
  42 orcs
  A ball python (D:6)
  5 bats
  5 giant cockroaches
  11 goblins
  3 hobgoblins
  8 jackals
  28 kobolds
  7 quokkas
  3 frilled lizards
  3 leopard gecko skeletons
  A leopard gecko zombie (D:6)
  A quokka skeleton (D:7)
  8 rats
444 creatures vanquished.

Vanquished Creatures (others)
  A fungus (Lair:2)
  3 plants (Lair:4)
4 creatures vanquished.

Grand Total: 448 creatures vanquished

Notes
Turn   | Place    | Note
-------+----------+-------------------------------------------
     0 | D:1      | Balder the Minotaur Fighter began the quest for the Orb.
     0 | D:1      | Reached XP level 1. HP: 19/19 MP: 0/0
   483 | D:2      | Reached XP level 2. HP: 27/27 MP: 1/1
   872 | D:2      | Reached XP level 3. HP: 33/33 MP: 2/2
  1155 | D:2      | Reached skill level 3 in Maces & Flails
  1345 | D:2      | Reached skill level 1 in Dodging
  1473 | D:3      | You fall through a shaft for 2 floors!
  1473 | D:5      | Entered Level 5 of the Dungeon
  1493 | D:5      | Reached XP level 4. HP: 25/40 MP: 3/3
  1524 | D:5      | Found a hazy altar of Hepliaklqana.
  1717 | D:5      | Reached skill level 4 in Maces & Flails
  1717 | D:5      | Reached XP level 5. HP: 31/47 MP: 4/4
  1829 | D:5      | Reached skill level 5 in Maces & Flails
  1829 | D:5      | Reached XP level 6. HP: 44/53 MP: 5/5
  1846 | D:5      | Reached skill level 5 in Armour
  2148 | D:6      | Found a glowing drain.
  2339 | Sewer    | Entered a sewer
  2346 | Sewer    | Reached skill level 5 in Shields
  2427 | Sewer    | Reached skill level 6 in Maces & Flails
  2427 | Sewer    | Reached XP level 7. HP: 59/60 MP: 6/6
  2455 | Sewer    | Found a white marble altar of Elyvilon.
  2722 | D:6      | Reached skill level 5 in Fighting
  3362 | D:6      | Reached skill level 7 in Maces & Flails
  3362 | D:6      | Reached skill level 1 in Stealth
  3362 | D:6      | Reached XP level 8. HP: 68/68 MP: 7/7
  3855 | D:6      | Reached skill level 8 in Maces & Flails
  4644 | D:7      | Noticed Menkaure
  4653 | D:7      | Killed Menkaure
  4653 | D:7      | Reached XP level 9. HP: 34/75 MP: 8/8
  4974 | D:7      | Noticed a komodo dragon
  4984 | D:7      | Killed a komodo dragon
  4984 | D:7      | Reached skill level 9 in Maces & Flails
  5657 | D:8      | Reached skill level 10 in Maces & Flails
  5928 | D:8      | Reached skill level 1 in Long Blades
  6156 | D:8      | Noticed Harold
  6188 | D:8      | Killed Harold
  6188 | D:8      | Reached skill level 1 in Slings
  6188 | D:8      | Reached skill level 5 in Dodging
  6188 | D:8      | Reached XP level 10. HP: 75/84 MP: 9/9
  6464 | D:8      | Reached skill level 11 in Maces & Flails
  6643 | D:8      | Found a staircase to the Lair.
  7294 | D:9      | Found Nupan's Gadget Shoppe.
  7461 | D:9      | Noticed a two-headed ogre
  7477 | D:9      | Killed a two-headed ogre
  7993 | D:9      | Found a radiant altar of Vehumet.
  8161 | D:10     | Entered Level 10 of the Dungeon
  8299 | D:10     | Reached skill level 1 in Axes
  8590 | D:10     | You fall through a shaft!
  8656 | D:11     | Noticed a two-headed ogre
  8666 | D:11     | Reached XP level 11. HP: 61/94 MP: 10/10
  8674 | D:11     | Killed a two-headed ogre
  8768 | D:11     | Got a translucent scale mail
  8796 | D:11     | Identified the +5 scale mail of the Moon {Str+3} (You found
                  | it on level 11 of the Dungeon)
  9132 | D:11     | Reached skill level 5 in Long Blades
  9147 | D:11     | Noticed a brown ugly thing
  9179 | D:11     | Killed a brown ugly thing
  9180 | D:11     | Reached skill level 12 in Maces & Flails
  9442 | D:11     | Noticed a five-headed hydra
  9459 | D:11     | Killed a five-headed hydra
 10285 | D:4      | Noticed Blork the orc
 10291 | D:4      | Killed Blork the orc
 10535 | D:4      | Noticed Pikel
 10545 | D:4      | Killed Pikel
 10656 | D:4      | Noticed Robin
 10673 | D:4      | Killed Robin
 10915 | D:4      | Found a runed translucent gate.
 10916 | D:4      | Found a runed translucent gate.
 10916 | D:4      | Found a runed translucent gate.
 10918 | D:4      | Noticed Aphrodieselac's ghost (amateur MfSk)
 11238 | D:4      | Found a staircase to the Ecumenical Temple.
 11244 | Temple   | Entered the Ecumenical Temple
 11257 | Temple   | Became a worshipper of Warmaster Okawaru
 11469 | Lair:1   | Entered Level 1 of the Lair of Beasts
 11513 | Lair:1   | Noticed a four-headed hydra
 11528 | Lair:1   | Killed a four-headed hydra
 11530 | Lair:1   | Reached * piety under Okawaru
 11551 | Lair:1   | Noticed Grum
 11578 | Lair:1   | Reached skill level 1 in Invocations
 11590 | Lair:1   | Killed Grum
 11590 | Lair:1   | Reached skill level 10 in Shields
 11921 | Lair:1   | Noticed an eight-headed hydra
 11926 | Lair:1   | Killed an eight-headed hydra
 11926 | Lair:1   | Reached ** piety under Okawaru
 12307 | Lair:1   | Found a shadowy altar of Dithmenos.
 12449 | Lair:1   | Reached XP level 12. HP: 93/103 MP: 12/12
 12757 | Lair:2   | Got a pitted trident
 12955 | Lair:2   | Identified the cursed +1 trident of Fauhyw {drain, rN+
                  | Str+4} (You found it on level 2 of the Lair of Beasts)
 12986 | Lair:2   | Found a hole to the Spider Nest.
 13062 | Lair:2   | Reached skill level 5 in Slings
 13068 | Lair:2   | Reached *** piety under Okawaru
 13489 | Lair:2   | Noticed a six-headed hydra
 13497 | Lair:2   | Killed a six-headed hydra
 13497 | Lair:2   | Reached skill level 13 in Maces & Flails
 13893 | Lair:2   | Reached **** piety under Okawaru
 13968 | Lair:2   | Noticed Nergalle
 13993 | Lair:2   | Killed Nergalle
 14764 | Lair:3   | Reached ***** piety under Okawaru
 15729 | Lair:4   | Received a gift from Okawaru
 15738 | Lair:4   | Reached skill level 10 in Armour
 15743 | Lair:4   | Reached XP level 13. HP: 76/113 MP: 14/14
 16415 | Lair:4   | Reached skill level 10 in Fighting
 16668 | Lair:4   | Found a staircase to the Shoals.
 16707 | Lair:4   | Got a heavy robe
 16718 | Lair:4   | Identified the cursed +1 robe "Duerghae" {rPois MR+} (You
                  | found it on level 4 of the Lair of Beasts)
 16808 | Lair:4   | Received a gift from Okawaru
 17256 | Lair:4   | Received a gift from Okawaru
 17256 | Lair:4   | Reached skill level 14 in Maces & Flails
 18413 | Lair:5   | Found a viscous altar of Jiyva.
 18413 | Lair:5   | Found a staircase to the Slime Pits.
 18547 | Lair:5   | Received a gift from Okawaru
 18703 | Lair:5   | Noticed Rupert
 18713 | Lair:5   | HP: 3/113 [Rupert/+4 battleaxe of chopping (24)]
 18713 | Lair:5   | Slain by Rupert

Skill      XL: |  1  2  3  4  5  6  7  8  9 10 11 12 13 |
---------------+----------------------------------------+-----
Fighting       | 4 5 6 7 8 9 10 | 10.3
Armour         | 4 5 6 7 8 9 10 | 10.3
Shields        | 4 5 6 7 8 9 10 11 | 11.6
Maces & Flails | 3 4 5 6 7 8 10 11 12 13 14 | 14.2
Dodging        | 1 2 4 5 6 7 |  7.7
Stealth        | 1 2 3 |  3.1
Long Blades    | 2 4 6 7 8 |  8.2
Slings         | 1 3 4 5 6 |  6.3
Axes           | 1 4 |  4.5
Invocations    | 1 3 4 |  4.0
Evocations     | |  0.8

Action                   |  1- 3 |  4- 6 |  7- 9 | 10-12 | 13-15 || total
-------------------------+-------+-------+-------+-------+-------++-------
Melee: Flail             |    92 |   130 |   343 |   265 |     1 ||   831
       Headbutt          |    18 |    21 |    78 |   237 |    66 ||   420
       Falchion          |       |       |       |   178 |    37 ||   215
       Morningstar       |       |       |       |   426 |   153 ||   579
       War axe           |       |       |       |    59 |       ||    59
       Whip              |       |       |       |    14 |       ||    14
Invok: Heroism           |       |       |       |     2 |       ||     2
Evoke: Wand              |       |       |     8 |    13 |     1 ||    22
  Use: Scroll            |     2 |     1 |     2 |    17 |     2 ||    24
       Potion            |       |       |       |       |     1 ||     1
 Stab: Paralysed         |       |       |     7 |     8 |       ||    15
       Confused          |       |       |     3 |     2 |       ||     5
  Eat: Chunk             |     2 |     3 |    13 |    35 |    10 ||    63
       Ration            |       |       |       |     6 |       ||     6
Armor: Scale mail        |    47 |    39 |    92 |   204 |    38 ||   420
       Plate armour      |       |       |    11 |   131 |       ||   142
Dodge: Dodged            |    31 |    47 |    78 |   341 |    75 ||   572
Block: Shield            |    52 |    60 |   152 |   549 |   107 ||   920
       Rpst.: Falchion   |       |       |       |    19 |     2 ||    21
